[Event "Early-Titled-Tuesday-Blitz-February-27-2024"]
[Site "Chess.com"]
[Date "2024.02.27"]
[Round "8"]
[White "EsmeraldasAnderson03"]
[Black "Egor_Koshulyan"]
[Result "0-1"]
[WhiteElo "2500"]
[BlackElo "2663"]
[TimeControl "180+1"]
[EndTime "9:27:37 PST"]
[Termination "Egor_Koshulyan won on time"]

1. d4 Nf6 2. c4 e5 3. dxe5 Ng4 4.
Nf3 Bc5 5. e3 Nc6 6. Be2 O-O 7.
O-O Re8 8. Nc3 Ngxe5 9. a3 a5 10. Nb5 Nxf3+ 11. Bxf3 Ne5 12. Be2 Ra6 13. b3 Qh4 14. g3 Qh3 15. f4 Rg6 16. Rf2 Ng4 17. Bxg4 Rxg4 18. Nxc7 Rxe3 19. Bxe3 Bxe3 20. Qf3 Bxf2+ 21.
Qxf2 d6 22. Re1 Bd7 23. Qg2 Qh5 24. Qxb7 Qc5+ 25. Kf1 h6 26. Nd5 Be6 27. Qe7 Rg6 28.
Ne3 Bh3+ 29. Kf2 Re6 30. Qd8+ Kh7 31. Qa8 Qxa3 32. Qb7 Qb2+ 33. Re2 Qc1 34. Qd5 Rxe3 0-1

[Event "Early-Titled-Tuesday-Blitz-February-27-2024"]
[Site "Chess.com"]
[Date "2024.02.27"]
[Round "8"]
[White "AcostaPablo"]
[Black "ikhasu"]
[Result "1-0"]
[WhiteElo "2618"]
[BlackElo "2442"]
[TimeControl "180+1"]
[EndTime "9:27:37 PST"]
[Termination "AcostaPablo won on time"]

1. e4 c5 2. Nf3 d6 3. d4 cxd4 4. Nxd4 Nf6 5. Nc3 a6 6. f3 e5 7. Nb3 Be6 8. Be3 d5 9. exd5 Nxd5 10. Nxd5 Qxd5 11. c4 Bb4+ 12. Kf2 Qxd1 13. Rxd1 O-O 14. Bc5 Bxc5+ 15. Nxc5 Nc6 16. Nxe6 fxe6 17. Bd3 Nd4 18. Rhe1 Rad8 19. Rxe5 Rd6 20. c5 Rd7 21. Bc4 Rdd8 22. Re4 Nc6 23. Rxe6 Kh8 24. Rxd8 Rxd8 25. Rd6 Rc8 26. Bd5 g6 27. Bxc6 bxc6 28. b3 Kg7 29. Rd7+ Kh6 30. Ra7 Rd8 31. Rxa6 Rd2+ 32. Kg3 Rc2 33.
Rxc6 Rxa2 34. h4 Rb2 35. Rb6 Rc2 36. c6 g5 37. hxg5+ Kh5 38. Rb7 Rxc6 39. Rxh7+ Kxg5 40. Rb7 Rc2 41. b4 Rb2 42. b5 Kg6 43. b6 Kh6 44. Rb8 Kg7 45. b7 Kh7 46. Kh4 Rb4+ 47. g4 Kg7 48. f4 Kf7 49. Rh8 1-0

[Event "Early-Titled-Tuesday-Blitz-February-27-2024"]
[Site "Chess.com"]
[Date "2024.02.27"]
[Round "8"]
[White "javirec"]
[Black "HittingRookBottom"]
[Result "0-1"]
[WhiteElo "2247"]
[BlackElo "2032"]
[TimeControl "180+1"]
[EndTime "9:27:39 PST"]
[Termination "HittingRookBottom won on time"]

1. e4 c6 2. d4 d5 3. e5 Bf5 4. Nf3 e6 5. Be2 c5 6. dxc5 Bxc5 7. O-O Nc6 8. c4 Nge7 9. Nc3 a6 10. a3 dxc4 11. Bxc4 Qc7 12. Qe2 O-O 13. h3 Bg6 14.
Rd1 Rad8 15. Bg5 h6 16. Bh4 Rxd1+ 17. Rxd1 Nf5 18. Ne4 Bb6 19. Nd6 Nxh4 20. Nxh4 Bh7 21. Bd3 Rd8 22. Bxh7+ Kxh7 23. Rd3 Qe7 24. Qe4+ Kg8 25.
Rg3 Bd4 26. Nf3 Bxe5 27. Nxe5 Qxd6 28. Ng4 Qd1+ 29. Kh2 Qd5 30. Nxh6+ Kf8 31. Qf4 gxh6 32. Qxh6+ Ke7 33. Rg5 Qd4 34. Rg4 Qf6 0-1

[Event "Early-Titled-Tuesday-Blitz-February-27-2024"]
[Site "Chess.com"]
[Date "2024.02.27"]
[Round "8"]
[White "jk13"]
[Black "Sam_ChessMood"]
[Result "0-1"]
[WhiteElo "2702"]
[BlackElo "2942"]
[TimeControl "180+1"]
[EndTime "9:27:40 PST"]
[Termination "Sam_ChessMood won on time"]

1. e4 c5 2. c3 Nf6 3. e5 Nd5 4. Bc4 Nb6 5. Bb3 d5 6. exd6 Qxd6 7. Nf3 c4 8. Bc2 Qe6+ 9. Kf1 g6 10. h4 h6 11. d4 cxd3 12. Bxd3 Bg7 13. Na3 O-O 14.
Qe2 Qc6 15. Bf4 Bg4 16. Be4 Qc8 17. Qe3 h5 18. Ne5 Bf5 19. Bf3 Nc6 20. Re1 Nxe5 21. Bxe5 Nc4 22. Nxc4 Qxc4+ 23. Kg1 Bxe5 24. Qxe5 Qxa2 25.
b4 e6 26. g4 hxg4 27. h5 f6 28. Qc7 Rf7 29. Qh2 Rh7 30. Bg2 Qd2 31. Rf1 Rc8 32. h6 e5 33. Qg3 Rxc3 34. Qh4 Kf7 35. b5 Rc1 0-1

[Event "Early-Titled-Tuesday-Blitz-February-27-2024"]
[Site "Chess.com"]
[Date "2024.02.27"]
[Round "8"]
[White "Pikku_Myy73"]
[Black "ajian"]
[Result "1/2-1/2"]
[WhiteElo "2298"]
[BlackElo "2477"]
[TimeControl "180+1"]
[EndTime "9:27:40 PST"]
[Termination "Game drawn by repetition"]

1. d4 d5 2. c4 c6 3. cxd5 cxd5 4. Bf4 Nc6 5. e3 Bf5 6. Nc3 e6 7. Rc1 Nf6 8. Bd3 Bxd3 9. Qxd3 Bd6 10. Bxd6 Qxd6 11.
f4 O-O 12. Nf3 a6 13. O-O Rac8 14. Ne5 Ne7 15. g4 b5 16. g5 Ne8 17. Ne2 Qd8 18. Rxc8 Qxc8 19. Rc1 Qb7 20. Qa3 Nf5 21. Ng3 Ned6 22. Nxf5 Nxf5 23. Kf2 Rc8 24. Rxc8+ Qxc8 25. Qc3 Qxc3 26. bxc3 Nd6 27. Ke2 Kf8 28. Kd3 Ke8 29. Nc6 f6 30. gxf6 gxf6 31. Nb4 a5 32. Na6 Ke7 33.
Nc5 Nc4 34. e4 Nb2+ 35. Kc2 Nc4 36. Kd3 Nb2+ 37. Kc2 Nc4 38. Kd3 1/2-1/2

[Event "Early-Titled-Tuesday-Blitz-February-27-2024"]
[Site "Chess.com"]
[Date "2024.02.27"]
[Round "8"]
[White "HanSchut"]
[Black "DonCiao"]
[Result "1-0"]
[WhiteElo "2296"]
[BlackElo "2091"]
[TimeControl "180+1"]
[EndTime "9:27:40 PST"]
[Termination "HanSchut won on time"]

1. e4 c5 2. Nf3 Nc6 3. d4 cxd4 4. Nxd4 Nf6 5. Nc3 e5 6. Ndb5 d6 7. Nd5 Nxd5 8. exd5 Nb8 9. Qf3 a6 10. Qa3 Be7 11.
Bg5 f6 12. Bd2 O-O 13. Bb4 axb5 14. Qxa8 Na6 15. Bd2 Qd7 16. a4 bxa4 17. Bxa6 bxa6 18. Qc6 Qg4 19. O-O Bf5 20. Rxa4 Qg6 21. f3 Bxc2 22. Rxa6 Bd3 23. Ra7 Bxf1 24. Kxf1 Qd3+ 25. Ke1 Bd8 26. Qd7 Qg6 27. Qxd6 Qxg2 28. Qe6+ Kh8 29. Qg4 Qh1+ 30. Ke2 Qxh2+ 31. Kd3 g6 32. Qd7 Rg8 33. Ra8 e4+ 34. Kc2 Qc7+ 35. Qc6 1-0

[Event "Early-Titled-Tuesday-Blitz-February-27-2024"]
[Site "Chess.com"]
[Date "2024.02.27"]
[Round "8"]
[White "agvania123"]
[Black "VinzentSpitzl"]
[Result "0-1"]
[WhiteElo "2400"]
[BlackElo "2527"]
[TimeControl "180+1"]
[EndTime "9:27:41 PST"]
[Termination "VinzentSpitzl won on time"]

1. e4 c5 2. Nc3 d6 3. f4 g6 4. Nf3 Bg7 5. Bb5+ Bd7 6. Bxd7+ Qxd7 7. O-O Nc6 8. d3 Nf6 9. Qe1 O-O 10. Qh4 Nd4 11.
Nxd4 cxd4 12. Ne2 Rac8 13. c3 dxc3 14. bxc3 Qb5 15. Qh3 Nxe4 16. c4 Qc6 17. Rb1 Nc3 18. Nxc3 Bxc3 19. Qf3 Qxf3 20. Rxf3 Bd4+ 21. Be3 Bxe3+ 22.
Rxe3 Rc7 23. Kf2 b6 24. g4 e6 25. Rb5 Rc5 26. a4 Kg7 27. Re2 Rfc8 28. h4 Kf6 29. Kf3 h5 30. Reb2 hxg4+ 31. Kxg4 e5 32. fxe5+ dxe5 33. Rf2+ Ke6 34. Rb1 Rh8 35. Rbf1 f5+ 36. Kg5 Rcc8 37.
Re2 Rcg8 0-1

[Event "Early-Titled-Tuesday-Blitz-February-27-2024"]
[Site "Chess.com"]
[Date "2024.02.27"]
[Round "8"]
[White "Zq1"]
[Black "GMSrinath"]
[Result "0-1"]
[WhiteElo "2632"]
[BlackElo "2805"]
[TimeControl "180+1"]
[EndTime "9:27:42 PST"]
[Termination "GMSrinath won on time"]

1. d4 f5 2. Nf3 Nf6 3. Bg5 Ne4 4. h4 d6 5. e3 Nd7 6. Nbd2 Nxd2 7. Qxd2 Nf6 8. Bxf6 exf6 9. Bc4 d5 10. Bb3 c6 11.
O-O-O a5 12. a3 Be7 13. Kb1 O-O 14. h5 b5 15. c3 b4 16. cxb4 axb4 17. a4 Ba6 18. Rc1 Bc4 19. Qd1 Bxb3 20. Qxb3 Ra6 21. Qc2 Qd7 22. b3 Bd6 23. g3 Re8 24. Qd3 Ra7 25.
Rc2 Rc7 26. Nh4 c5 27. dxc5 Rxc5 28. Rxc5 Bxc5 29. Nxf5 Re4 30. Nh4 Qe6 31. Nf3 Bxe3 32. fxe3 Rxe3 33. Nd4 Qe5 34. Qd2 Qe4+ 35. Kc1 Qxh1+ 36.
Kb2 Re1 37. Nc2 Rb1+ 38. Ka2 Rxb3 39. Ne1 Ra3+ 40. Kb2 Qe4 0-1

[Event "Early-Titled-Tuesday-Blitz-February-27-2024"]
[Site "Chess.com"]
[Date "2024.02.27"]
[Round "8"]
[White "Grandmaster1369"]
[Black "burbur555"]
[Result "0-1"]
[WhiteElo "2755"]
[BlackElo "2573"]
[TimeControl "180+1"]
[EndTime "9:27:42 PST"]
[Termination "burbur555 won on time"]

1. e4 c6 2. d4 d5 3. e5 Bf5 4. h4 h5 5. Bg5 Qb6 6. Bd3 Qxd4 7. Nf3 Qg4 8. Bxf5 Qxf5 9. O-O Qd7 10. e6 Qxe6 11. c4 Nf6 12. Re1 Qd6 13. Nc3 e6 14.
Bxf6 gxf6 15. cxd5 cxd5 16. Nxd5 Rh6 17. Qa4+ Nc6 18. Rad1 Qb8 19. Nd4 Bd6 20. Nf5 Bh2+ 21. Kh1 Rg6 22. Nd4 Be5 23. Nxc6 bxc6 24. Qxc6+ Kf8 25.
Qc5+ Kg7 26. Ne3 Qb6 27. Qc4 Qxb2 28. Qe4 Qxf2 29. Rf1 Qg3 0-1

[Event "Early-Titled-Tuesday-Blitz-February-27-2024"]
[Site "Chess.com"]
[Date "2024.02.27"]
[Round "8"]
[White "LangesNasenhaar"]
[Black "BozeKat"]
[Result "1-0"]
[WhiteElo "2406"]
[BlackElo "2160"]
[TimeControl "180+1"]
[EndTime "9:27:42 PST"]
[Termination "LangesNasenhaar won on time"]

1. d4 Nf6 2. Bg5 c5 3. Bxf6 gxf6 4. d5 e6 5. c4 Qb6 6. Qc2 Bg7 7. Nc3 f5 8. e3 Na6 9. a3 Qa5 10. Rb1 Rg8 11.
g3 b6 12. Bg2 Bb7 13. Ne2 exd5 14. cxd5 b5 15. Qxf5 b4 16. axb4 cxb4 17. Ne4 b3+ 18.
N2c3 O-O-O 19. O-O Kb8 20. Qxf7 Nc5 21. Nd6 Rdf8 22.
Nxb7 Nxb7 23. Qxd7 Qb6 24. Qc6 Qb4 25. d6 Rc8 26. Qxb7+ Qxb7 27. Bxb7 Kxb7 28. Rfd1 Bxc3 29. bxc3 Rxc3 30. Rd4 a5 31. e4 Kb6 32. e5 Kc5 33. Rh4 Rc4 34. Rxh7 a4 35. Rc7+ Kb5 36. Rb7+ Kc6 37.
Ra7 Kb5 38. e6 Rc2 39. e7 b2 40. Rb7+ 1-0

[Event "Early-Titled-Tuesday-Blitz-February-27-2024"]
[Site "Chess.com"]
[Date "2024.02.27"]
[Round "8"]
[White "Barbix1"]
[Black "Alexchess1984"]
[Result "0-1"]
[WhiteElo "2281"]
[BlackElo "2713"]
[TimeControl "180+1"]
[EndTime "9:27:42 PST"]
[Termination "Alexchess1984 won by resignation"]

1. e4 c5 2. Nf3 g6 3. d4 cxd4 4.
Nxd4 Bg7 5. c4 Nc6 6. Be3 Nf6 7. Nc3 O-O 8. f3 d6 9. Rc1 Bd7 10. Be2 a5 11. b3 Nxd4 12. Bxd4 Bc6 13. O-O Nd7 14.
Be3 Nc5 15. Kh1 Qb6 16. Nd5 Bxd5 17. exd5 a4 18. b4 Qxb4 19. Rb1 Qa5 20. Bxc5 Qxc5 21.
Rxb7 Rfe8 22. Qb1 a3 23. Qb5 Qe3 24. c5 dxc5 25. Rb1 Bb2 26. Bc4 Rf8 27. Rd1 Rad8 28. Bb3 Rd6 29. Qc4 Rfd8 30. Rc7 Bd4 31. Qc2 h5 32. Bc4 h4 33. Rb7 h3 34. Rb3 hxg2+ 35.
Kxg2 Qf2+ 36. Kh1 Qxc2 0-1

[Event "Early-Titled-Tuesday-Blitz-February-27-2024"]
[Site "Chess.com"]
[Date "2024.02.27"]
[Round "8"]
[White "pfalcon1949"]
[Black "TheAlienParty"]
[Result "0-1"]
[WhiteElo "1898"]
[BlackElo "2389"]
[TimeControl "180+1"]
[EndTime "9:27:42 PST"]
[Termination "TheAlienParty won on time"]

1. e4 e5 2. Nf3 Nc6 3. Nc3 Bb4 4. Nd5 d6 5. Nxb4 Nxb4 6. d4 Nf6 7. c3 Nc6 8. d5 Ne7 9. Bd3 h6 10. O-O g5 11. h3 Ng6 12. Kh2 g4 13. hxg4 Bxg4 14.
Kg1 Nh5 15. Be2 Nhf4 16. Qa4+ Kf8 17. Bd1 Rg8 18. c4 Nh4 19. Bxf4 Nxf3+ 20. Bxf3 exf4 21. Bxg4 Rxg4 22. f3 Rg3 23. c5 dxc5 24. e5 Qg5 25.
Rf2 Qxe5 26. Qc4 b6 27. Rd1 Rd8 28. b3 h5 29. Re2 Qg5 30. Qe4 h4 31. Qh7 h3 32. Qh8+ Qg8 33. Qh6+ Qg7 34. Qh4 Rxg2+ 35. Kh1 Rd6 36. Qe7+ Kg8 37. Qe8+ Kh7 38. Qe4+ Qg6 39. Qxg6+ Rdxg6 40. Rde1 Rxe2 0-1

[Event "Early-Titled-Tuesday-Blitz-February-27-2024"]
[Site "Chess.com"]
[Date "2024.02.27"]
[Round "8"]
[White "Lukianoo"]
[Black "Boundless_Strike"]
[Result "0-1"]
[WhiteElo "2831"]
[BlackElo "2644"]
[TimeControl "180+1"]
[EndTime "9:27:44 PST"]
[Termination "Boundless_Strike won on time"]

1. e4 d6 2. d4 e5 3. Nc3 Nd7 4. Nf3 Ngf6 5. g4 g6 6. g5 Nh5 7. Be3 Bg7 8. Qd2 O-O 9. O-O-O c6 10. dxe5 dxe5 11. Qd6 Re8 12. Bh3 Bf8 13. Qd2 Qc7 14. Bg4 Nf4 15. Bxf4 exf4 16. Bxd7 Rd8 17. e5 Bxd7 18. Qxf4 Qa5 19. Kb1 Bb4 20. Ne4 Be6 21.
Nf6+ Kg7 22. a3 Bxa3 23. Qh4 h5 24. gxh6+ Kh8 25. Nd4 Rxd4 26. Qxd4 Bc5 27. Qc3 Bb4 28. Qxb4 Qxb4 29. Rd3 Qf4 30. Rhd1 Bd5 0-1

[Event "Early-Titled-Tuesday-Blitz-February-27-2024"]
[Site "Chess.com"]
[Date "2024.02.27"]
[Round "8"]
[White "amanjazu"]
[Black "GodzillaChessYoutube"]
[Result "1-0"]
[WhiteElo "2537"]
[BlackElo "2663"]
[TimeControl "180+1"]
[EndTime "9:27:47 PST"]
[Termination "amanjazu won on time"]

1. g3 d5 2. Bg2 Nc6 3. f4 Nf6 4. Nf3 h6 5. O-O Bf5 6. d3 e6 7. Nc3 Bc5+ 8. Kh1 Ng4 9. d4 Bb4 10. Ne5 h5 11. h3 Nf6 12. Kh2 Bd6 13. Kh1 Nb4 14. a3 Nxc2 15. Ra2 c5 16. dxc5 Bxc5 17.
e4 Nxe4 18. Nxe4 dxe4 19. Qxc2 Rc8 20. Qa4+ Kf8 21. Rd1 Qc7 22. b4 Bd6 23. Nd7+ Kg8 24. Rad2 Be7 25. Bb2 f6 26. Nc5 Bxc5 27. bxc5 Qxc5 28.
Qd4 Qf8 29. Bxe4 Bxh3 30. Bxb7 Rb8 31. Qd8 Rxd8 32. Rxd8 Kf7 33. R1d7+ Qe7 34. Rxe7+ Kxe7 35. Rxh8 Kd6 36. Rxh5 Bg4 37. Ra5 1-0

[Event "Early-Titled-Tuesday-Blitz-February-27-2024"]
[Site "Chess.com"]
[Date "2024.02.27"]
[Round "8"]
[White "ReinisUz"]
[Black "Nouali_Mohamed"]
[Result "1-0"]
[WhiteElo "2415"]
[BlackElo "2529"]
[TimeControl "180+1"]
[EndTime "9:27:47 PST"]
[Termination "ReinisUz won by checkmate"]

1. c4 Nf6 2. Nc3 g6 3. g3 d6 4. Bg2 Bg7 5. e4 O-O 6. Nge2 c5 7. O-O Nc6 8. d3 h6 9. Rb1 a5 10. h3 Kh7 11. Kh2 e6 12. f4 Qe7 13. Nb5 Rd8 14. Nec3 d5 15. cxd5 exd5 16. e5 Nh5 17. Nxd5 Rxd5 18. Bxd5 Bxh3 19. Kxh3 Qd7+ 20. g4 Nxf4+ 21.
Bxf4 Qxd5 22. Nc7 Qxa2 23. Nxa8 Nd4 24. Nc7 h5 25. gxh5 c4 26. hxg6+ fxg6 27. Qg4 Qb3 28. Qh4+ Kg8 29. Qd8+ Kh7 30. Qxd4 cxd3 31. Rbd1 d2+ 32. Qc3 Qf7 33. Rxd2 Qf5+ 34. Kg2 Bf8 35. Bg3 Qc8 36. e6 b5 37. Rh1+ Kg8 38. Qh8# 1-0

[Event "Early-Titled-Tuesday-Blitz-February-27-2024"]
[Site "Chess.com"]
[Date "2024.02.27"]
[Round "8"]
[White "DonMicheleCorleone"]
[Black "Kazancev_Valerij_M"]
[Result "1-0"]
[WhiteElo "2525"]
[BlackElo "2393"]
[TimeControl "180+1"]
[EndTime "9:27:47 PST"]
[Termination "DonMicheleCorleone won on time"]

1. e4 g6 2. Nc3 Bg7 3. f4 e6 4.
Nf3 Ne7 5. d4 f5 6. e5 a6 7. d5 d6 8. dxe6 dxe5 9. Qxd8+ Kxd8 10. Ng5 Ke8 11. Bc4 Nbc6 12. Nf7 Rf8 13. fxe5 Nxe5 14.
Nxe5 Bxe5 15. Bh6 Rf6 16. Bg7 Bxc3+ 17. bxc3 Rxe6+ 18. Bxe6 Bxe6 19. O-O-O Kf7 20. Rhe1 Nd5 21. c4 Nb4 22. Bc3 Nxa2+ 23. Kb2 Nxc3 24. Kxc3 b5 25.
cxb5 axb5 26. Ra1 Rc8 27. Kb4 c6 28. Ra7+ Kf6 29. Rxh7 Bd5 30. g3 Ra8 31. Re2 Ra4+ 32. Kc5 Rc4+ 33. Kd6 Be4 34. Rc7 b4 35. h4 Bxc2 36.
Ree7 Rd4+ 37. Kc5 Rd5+ 38. Kxc6 Rd3 39. Rf7+ Ke5 40. Rce7+ Kd4 41. Rd7+ Kc3 42. Rxd3+ Bxd3 43. Kd6 b3 44. Rc7+ 1-0

[Event "Early-Titled-Tuesday-Blitz-February-27-2024"]
[Site "Chess.com"]
[Date "2024.02.27"]
[Round "8"]
[White "Pelusiansky"]
[Black "Chessdude1987"]
[Result "1-0"]
[WhiteElo "2601"]
[BlackElo "2371"]
[TimeControl "180+1"]
[EndTime "9:27:48 PST"]
[Termination "Pelusiansky won on time"]

1. d4 e6 2. c4 f5 3. g3 Nf6 4.
Bg2 Bb4+ 5. Nd2 a5 6. a3 Be7 7.
Qc2 d6 8. Nh3 e5 9. dxe5 dxe5 10.
O-O Nc6 11. e3 O-O 12. b3 h6 13. Bb2 Be6 14. Nf3 Nd7 15. Rfd1 Qe8 16. Kh1 Bf6 17. Ne1 g5 18. f4 e4 19. Bxf6 Nxf6 20. fxg5 Ng4 21.
Qe2 hxg5 22. Nxg5 Qh5 23. h4 Rf6 24. Bh3 Nce5 25. Ng2 Nd3 26. Bxg4 fxg4 27. Nf4 Nxf4 28. exf4 Bf5 29. Qe3 Re8 30. Rd5 Qg6 31. Rad1 b6 32. a4 Rff8 33. Kg2 c6 34. Rd6 Rf6 35. R6d4 c5 36. Rd5 Qg7 37. Re5 Rxe5 38. fxe5 Rf8 39.
Rd5 Bc8 40. Qxe4 Bb7 41. Ne6 Bxd5 42. cxd5 Qf7 43. Nxf8 Qxf8 44. Qxg4+ 1-0

[Event "Early-Titled-Tuesday-Blitz-February-27-2024"]
[Site "Chess.com"]
[Date "2024.02.27"]
[Round "8"]
[White "TioCridineno"]
[Black "FernandoArauzAlonso"]
[Result "1-0"]
[WhiteElo "2415"]
[BlackElo "2614"]
[TimeControl "180+1"]
[EndTime "9:27:49 PST"]
[Termination "TioCridineno won on time"]

1. e4 g6 2. d4 Bg7 3. Nc3 c5 4. Nf3 cxd4 5. Nxd4 Nc6 6. Be3 Nf6 7. Bc4 O-O 8. Bb3 a5 9. a4 Nxd4 10. Bxd4 d6 11. O-O Bd7 12. h3 Rc8 13. Qd3 Bc6 14.
Rfe1 Qc7 15. Rad1 Rfd8 16. Qe3 Re8 17. Bb6 Qb8 18. Bxa5 Nd7 19. Bb4 Ne5 20. f4 Nd7 21. a5 Nc5 22. Bd5 Qa7 23. e5 Qa6 24. Qe2 Qxe2 25.
Rxe2 Bxd5 26. Nxd5 dxe5 27. Nb6 Rc6 28. fxe5 Ne6 29. c3 Nc5 30. Rd5 Nb3 31. Rd7 Re6 32.
Rxb7 Nc1 33. Re3 Bxe5 34. Kf1 Na2 35. Nc4 Nxb4 36. Rxe5 Rf6+ 37. Kg1 Nd3 38. Re2 Nf4 39. Rd2 Rc8 40. Nb6 Rcc6 41. c4 Rfe6 42. b4 Re1+ 43. Kh2 Rce6 44. a6 Nh5 45. a7 1-0

[Event "Early-Titled-Tuesday-Blitz-February-27-2024"]
[Site "Chess.com"]
[Date "2024.02.27"]
[Round "8"]
[White "vi_pranav"]
[Black "Sina_Movahed"]
[Result "0-1"]
[WhiteElo "3102"]
[BlackElo "2962"]
[TimeControl "180+1"]
[EndTime "9:27:51 PST"]
[Termination "Sina_Movahed won on time"]

1. d4 Nf6 2. Nc3 d5 3. Bf4 c5 4. e4 cxd4 5. Qxd4 Nc6 6. Bb5 a6 7. Bxc6+ bxc6 8. Nf3 e6 9. O-O Be7 10. Ne5 Bd7 11. Rad1 O-O 12. Qe3 Be8 13. h3 Qa5 14.
a3 Rc8 15. b4 Qd8 16. Rfe1 a5 17. exd5 cxd5 18. Rd4 axb4 19. axb4 Qb6 20. Rb1 Qb7 21.
Rb3 Bd8 22. Qf3 Nd7 23. Nc4 Bf6 24. Nd6 Qa8 25. Rd1 Rc6 26. Ncb5 Nb6 27. Ra3 Qd8 28. Nxe8 Rxe8 29. Ra6 Qd7 30. Na7 Qb7 31. b5 Rc4 32. Be3 Nd7 33. Qe2 h6 34. Rb1 Ra8 0-1

[Event "Early-Titled-Tuesday-Blitz-February-27-2024"]
[Site "Chess.com"]
[Date "2024.02.27"]
[Round "8"]
[White "Binary010"]
[Black "FoggyMorning"]
[Result "0-1"]
[WhiteElo "2841"]
[BlackElo "2667"]
[TimeControl "180+1"]
[EndTime "9:27:51 PST"]
[Termination "FoggyMorning won by resignation"]

1. e4 e6 2. d4 d5 3. Nc3 Bb4 4.
exd5 exd5 5. Bd3 Nc6 6. a3 Bxc3+ 7. bxc3 Nge7 8. Qh5 Be6 9. Nf3 Qd7 10. h3 Bf5 11. O-O O-O-O 12. Re1 Bg6 13. Qh4 Rde8 14. Bd2 Bxd3 15.
cxd3 Qf5 16. Qg4 Qxg4 17. hxg4 Kd7 18. c4 f6 19. g5 Nf5 20. gxf6 gxf6 21. Bc3 Rhg8 22.
Kf1 Rxe1+ 23. Rxe1 Rg4 24. cxd5 Nce7 25. Re4 Rg7 26. Rf4 Nd6 27. Rxf6 Nxd5 28. Rxd6+ cxd6 29. Bd2 b5 30. Ne1 Rg8 31. Ke2 Re8+ 32. Kd1 Rb8 33. Nc2 Rc8 34. f4 h5 35. Ne1 Rf8 36. g3 Rg8 37. Nf3 Rxg3 38. Ng5 Rxd3 39. Kc2 Rxa3 40.
f5 Ra2+ 41. Kd3 Nf6 42. Bf4 Rf2 43. Ke3 Ng4+ 44. Ke4 d5+ 0-1

[Event "Early-Titled-Tuesday-Blitz-February-27-2024"]
[Site "Chess.com"]
[Date "2024.02.27"]
[Round "8"]
[White "Genghis_K"]
[Black "Makswolf200817"]
[Result "0-1"]
[WhiteElo "2924"]
[BlackElo "2745"]
[TimeControl "180+1"]
[EndTime "9:27:53 PST"]
[Termination "Makswolf200817 won by resignation"]

1. e4 c5 2. Nf3 d6 3. Bb5+ Nd7 4.
O-O a6 5. Be2 Ngf6 6. d3 e6 7.
a4 Be7 8. Nfd2 O-O 9. f4 b6 10. Nc3 Bb7 11. Bf3 Qc7 12. g4 Nb8 13. g5 Nfd7 14.
Nc4 Nc6 15. Bg2 Nd4 16. f5 exf5 17. exf5 Bxg2 18. Kxg2 Qb7+ 19. Kh3 d5 20. Ne3 Bxg5 21. Nexd5 Nf6 22. Nxf6+ Bxf6 23. Ne4 Be5 24. c3 Nc6 25. f6 Qd7+ 26. Qg4 Rfd8 27. Rf3 Qxg4+ 28. Kxg4 g6 29. a5 Bc7 30. Bf4 Bxf4 31. Kxf4 Nxa5 32. Nxc5 Rd5 33. Ne4 Rad8 34. d4 Re8 35. Ng3 h5 36. h4 Re6 37. Ne4 Rf5+ 38. Ke3 Nc4+ 39. Kd3 Rxf3+ 40. Kxc4 Rxe4 41. Rxa6 Rxf6 42. Ra8+ Kg7 43. Kd5 Rxh4 44. c4 Rff4 45. b3 Rxd4+ 46. Kc6 Rd3 0-1

[Event "Early-Titled-Tuesday-Blitz-February-27-2024"]
[Site "Chess.com"]
[Date "2024.02.27"]
[Round "8"]
[White "Brahianzevich"]
[Black "ansko1999"]
[Result "0-1"]
[WhiteElo "2507"]
[BlackElo "2736"]
[TimeControl "180+1"]
[EndTime "9:27:53 PST"]
[Termination "ansko1999 won on time"]

1. e4 d6 2. d4 Nf6 3. Nd2 c5 4. dxc5 dxc5 5. Ngf3 Nc6 6. g3 Bg4 7. Bg2 Qd7 8. h3 Bh5 9. O-O e5 10. c3 Be7 11. Qa4 O-O 12. Re1 Rfd8 13. Nc4 Bxf3 14. Bxf3 b5 15. Qxb5 Nd4 16. Qxd7 Nxf3+ 17. Kf1 Nxd7 18.
Rd1 Ng5 19. Bxg5 Bxg5 20. Rd5 Nb6 21. Rxc5 Nxc4 22. Rxc4 Rd2 23. Rb4 Rad8 24. a4 h5 25. h4 Bf6 26. Re1 Rc2 27. Re3 Rdd2 28. Rb8+ Kh7 29.
Rf3 Rxb2 30. Ra8 Rb7 31. a5 Ra2 32. Rd3 Rxa5 33. Kg2 Ra2 34. c4 a5 35. Rc3 Rc7 36.
c5 Be7 37. c6 Bb4 38. Rc4 Rd2 39. Rb8 Rd6 40. Rb7 Rcxc6 41. Rxc6 Rxc6 42. Rxf7 Ra6 43. Rf5 Bc3 44. Rxh5+ Kg8 45. Rf5 a4 46. Rf3 Bd4 47.
Ra3 Bc5 48. Ra2 a3 49. f4 Rb6 50. Kh3 Rb2 51. Ra1 a2 52. fxe5 Bd4 53. Kg4 Re2 54. Rf1 a1=Q 55. Rxa1 Bxa1 0-1

[Event "Early-Titled-Tuesday-Blitz-February-27-2024"]
[Site "Chess.com"]
[Date "2024.02.27"]
[Round "8"]
[White "averageFM"]
[Black "Muslim_player_05"]
[Result "1-0"]
[WhiteElo "2635"]
[BlackElo "2473"]
[TimeControl "180+1"]
[EndTime "9:27:53 PST"]
[Termination "averageFM won on time"]

1. d4 Nf6 2. Nc3 d5 3. e4 Nxe4 4. Nxe4 dxe4 5. Be3 Bf5 6. Ne2 e6 7. Ng3 Nd7 8. Nxf5 exf5 9. g4 fxg4 10. Qxg4 Nf6 11. Qf5 Qd7 12. Qe5+ Be7 13. Rg1 Rg8 14. Bb5 c6 15. Bc4 Qd6 16. O-O-O b5 17. Bb3 a5 18. a3 a4 19. Ba2 b4 20. Bf4 Qxe5 21. dxe5 Nh5 22.
Be3 bxa3 23. e6 f5 24. Bg5 axb2+ 25. Kb1 Nf6 26. Bxf6 Bxf6 27. Rd7 a3 28. Rgd1 g6 29. Rxh7 Rh8 30. Rf7 Bd8 31. Rg7 Bf6 32. Rxg6 Be5 33. Rdg1 Ke7 34. R6g5 Rxh2 35. Rxf5 Bd4 36. Rf7+ 1-0

[Event "Early-Titled-Tuesday-Blitz-February-27-2024"]
[Site "Chess.com"]
[Date "2024.02.27"]
[Round "8"]
[White "Schattman"]
[Black "sathvikadiga"]
[Result "0-1"]
[WhiteElo "2440"]
[BlackElo "2551"]
[TimeControl "180+1"]
[EndTime "9:27:53 PST"]
[Termination "sathvikadiga won by checkmate"]

1. f4 Nf6 2. Nf3 d5 3. g3 g6 4. Bg2 Bg7 5. O-O c5 6. Ne5 Nc6 7. Nxc6 bxc6 8. c4 O-O 9. d3 Re8 10. Nc3 Bf5 11. h3 h5 12. e4 Be6 13. e5 Nh7 14. Qe2 Qd7 15. Kh2 Rad8 16. Na4 dxc4 17. dxc4 Qd4 18. Be3 Qxc4 19. Qxc4 Bxc4 20. Rfc1 Bd5 21.
Nxc5 f6 22. Bxd5+ Rxd5 23. e6 f5 24. Rab1 Red8 25. Kg2 Bd4 26. Bxd4 Rxd4 27. Rc2 Nf6 28. Rf1 R8d5 29. Rff2 h4 30. Rfe2 hxg3 31. Nb3 Rxf4 32. Rxc6 Ne4 33. Rc8+ Kg7 34. Rc7 Kf6 35. Rxa7 Rd1 36.
Rxe4 Rxe4 37. Kxg3 Re2 38. Kf3 Rxb2 39. Nc5 Rc1 40.
Nd7+ Kxe6 41. Nf8+ Kf7 42. Nd7 Rc3+ 43. Kf4 Rb4+ 44.
Kg5 Rg3+ 45. Kh6 Rh4# 0-1

[Event "Early-Titled-Tuesday-Blitz-February-27-2024"]
[Site "Chess.com"]
[Date "2024.02.27"]
[Round "8"]
[White "HansOnTwitch"]
[Black "ChessLover0108"]
[Result "1-0"]
[WhiteElo "3160"]
[BlackElo "2962"]
[TimeControl "180+1"]
[EndTime "9:27:54 PST"]
[Termination "HansOnTwitch won by checkmate"]

1. e4 c5 2. Nf3 d6 3. d4 cxd4 4. Nxd4 Nf6 5. Nc3 a6 6. a4 g6 7. Be2 Bg7 8. Be3 O-O 9. O-O Bd7 10. f3 Nc6 11. Qd2 Qa5 12. Nb3 Qc7 13. a5 Ne5 14. Na4 Bc6 15. Nb6 Rad8 16. c4 e6 17. Rac1 Ned7 18.
Rfd1 Nc5 19. Nd4 e5 20. Nxc6 bxc6 21. Qc2 Nfd7 22. b4 Ne6 23. c5 dxc5 24. bxc5 Nd4 25. Qa2 Qa7 26. Bf1 Rfe8 27. Qc4 Nb8 28. Rd3 h5 29.
Rcd1 Qe7 30. f4 Bh6 31. g3 Ne6 32. Qc1 Rxd3 33. Rxd3 exf4 34. gxf4 Qh4 35. f5 Bxe3+ 36. Qxe3 Nf4 37. Rd2 Rxe4 38. Qg3 Qe7 39. fxg6 fxg6 40. Rd6 Qe5 41. Nc4 Qxc5+ 42. Qf2 Rxc4 43. Bxc4+ Qxc4 44. Rd8+ Kh7 45. Qa7+ Kh6 46. Qxb8 Qc1+ 47. Kf2 Nh3+ 48. Ke2 Nf4+ 49. Kf3 Qf1+ 50. Ke4 Ne6 51. Rh8+ Kg5 52. Qg3+ Kf6 53. Qe5+ Kf7 54. Rh7+ Kg8 55. Qh8# 1-0